Map: Ulrena

Players

Zero - Winner!

  • Race: Terran Terran
  • League: Diamond

LilDicky

  • Race: Terran Terran
  • League: Diamond

VOD

http://www.twitch.tv/tumescentpie

Description

Time

  • Played on: Dec. 8, 2015, 1:08 p.m.
  • Length: 8:33
Show
View Real Time Build Order
Export as new Build Order

Zero Terran - Winner!

Build Orders:  

Get SALT Encoding   

  12  0:01  SCV  
  13  0:13  SCV  
  14  0:18  Supply Depot  
  14  0:25  SCV  
  15  0:39  SCV  
  16  0:43  Barracks  
  16  0:51  SCV  
  17  1:01  Refinery  
  17  1:03  SCV  
  18  1:11  Supply Depot  
  18  1:16  SCV  
  19  1:36  Orbital Command  
  19  1:57  Reaper  
  20  2:01  SCV  
  21  2:13  SCV  
  21  2:16  Command Center  
  21  2:21  Factory  
  21  2:25  SCV  
  22  2:41  SCV  
  23  2:45  Refinery  
  23  2:47  Barracks Reactor  
  23  2:53  SCV  
  24  3:05  SCV  
  25  3:10  Barracks  
  25  3:17  SCV  
  26  3:27  Starport, Marine x2  
  26  3:29  SCV, Orbital Command  
  26  3:32  Factory Tech Lab  
  29  3:41  SCV  
  29  3:42  Engineering Bay  
  29  3:47  Marine x2  
  32  3:53  SCV, Cyclone  
  32  3:55  SCV  
  37  4:01  Supply Depot  
  37  4:05  SCV, Barracks Tech Lab  
  37  4:07  SCV  
  39  4:10  Marine x2  
  39  4:14  Viking  
  43  4:17  SCV  
  43  4:19  SCV  
  43  4:22  Missile Turret  
  45  4:26  Missile Turret  
  45  4:31  Siege Tank  
  45  4:35  Refinery  
  45  4:36  SCV  
  45  4:37  SCV  
  50  4:45  Supply Depot  
  50  4:48  SCV  
  50  4:49  SCV, Marine  
  50  4:50  Marine  
  54  4:54  Stimpack  
  54  5:05  Supply Depot  
  54  5:06  SCV x2  
  56  5:07  Supply Depot  
  56  5:16  Siege Tank  
  56  5:18  SCV x2, Refinery  
  56  5:19  Marine  
  62  5:22  Starport Reactor  
  62  5:26  Marine x2  
  62  5:27  Terran Infantry Weapons Level 1  
  64  5:30  SCV x2  
  64  5:32  Barracks  
  66  5:46  Command Center  
  66  5:54  Marine x3  
  66  5:55  SCV x2  
  71  6:04  Supply Depot  
  71  6:05  Supply Depot, Medivac  
  71  6:06  Medivac  
  71  6:07  SCV x2  
  77  6:11  Marine  
  78  6:26  SCV x2  
  78  6:29  Siege Tank, Marine x3  
  78  6:31  Barracks Reactor  
  78  6:32  Barracks  
  86  6:37  Sensor Tower  
  85  6:47  Marine x2  
  85  6:48  Armory  
  85  6:49  Engineering Bay  
  84  6:59  Marine  
  85  7:01  Orbital Command  
  85  7:03  SCV x2  
  85  7:05  Marine x2  
  89  7:10  Barracks  
  89  7:15  SCV  
  90  7:17  Marine  
  90  7:18  Factory  
  90  7:22  Medivac  
  93  7:23  Marauder  
  93  7:28  Orbital Command  
  95  7:30  SCV  
  95  7:32  Marine  
  95  7:33  Marine x2  
  99  7:43  Marine  
  100  7:45  Marauder  
  100  7:46  Barracks Reactor  
  100  7:48  Siege Tank  
  100  7:49  Medivac  
  100  7:50  Marine  
  108  7:58  Marine  
  109  8:00  Marine  
  109  8:02  Marine  
  109  8:06  Factory Tech Lab, Marine  
  109  8:08  Marine  
Show
View Real Time Build Order
Export as new Build Order

LilDicky Terran 

Build Orders: Reaper Expand, Mech 

Get SALT Encoding   

  12  0:01  SCV  
  13  0:14  SCV  
  14  0:18  Supply Depot  
  14  0:26  SCV  
  15  0:33  Refinery  
  15  0:41  SCV  
  16  0:47  Barracks  
  16  0:55  SCV  
  17  1:07  SCV  
  18  1:19  SCV  
  19  1:33  Orbital Command  
  19  1:35  Reaper  
  19  1:39  Supply Depot  
  20  1:41  Refinery  
  20  2:07  Command Center  
  20  2:09  Marine  
  21  2:16  SCV  
  22  2:28  Factory  
  22  2:30  Marine  
  23  2:40  SCV  
  23  2:47  Marine  
  24  2:52  SCV  
  25  3:00  Supply Depot  
  25  3:05  SCV, Marine  
  27  3:16  Factory Tech Lab  
  27  3:17  SCV  
  28  3:21  Starport, Orbital Command  
  28  3:29  SCV  
  28  3:30  Marine  
  30  3:39  Orbital Command  
  30  3:41  SCV  
  31  3:43  Siege Tank  
  34  3:48  Marine  
  35  4:02  SCV  
  36  4:05  SCV  
  36  4:07  Medivac  
  36  4:09  Marine  
  40  4:19  Engineering Bay  
  40  4:20  SCV  
  40  4:23  SCV  
  42  4:26  Marine  
  43  4:31  Factory  
  43  4:33  SCV  
  43  4:35  SCV  
  43  4:36  Refinery  
  43  4:38  Refinery, Siege Tank  
  48  4:39  Medivac  
  50  4:48  SCV, Marine  
  52  4:54  SCV  
  52  4:57  Missile Turret  
  53  5:00  Missile Turret  
  53  5:01  SCV  
  54  5:08  SCV  
  46  5:16  Factory Reactor  
  46  5:19  Factory  
  46  5:22  Siege Tank  
  46  5:24  SCV  
  46  5:25  SCV  
  46  5:26  Starport Reactor  
  51  5:30  Marine  
  51  5:35  Command Center  
  52  5:36  SCV  
  53  6:09  Factory Reactor  
  53  6:12  Infernal Pre-Igniter  
  53  6:17  Supply Depot, Hellion x2  
  57  6:19  Supply Depot, SCV x2  
  58  6:33  SCV x2  
  58  6:34  Hellion  
  58  6:39  Factory  
  62  6:41  Armory, Hellion  
  62  6:42  Armory  
  62  6:45  SCV x2  
  62  6:46  Factory  
  63  7:02  Viking x2  
  67  7:14  Hellion x2, Missile Turret  
  67  7:15  Hellion  
  73  7:23  Factory Tech Lab  
  73  7:29  Orbital Command  
  73  7:30  SCV x2  
  75  7:42  SCV  
  75  7:43  SCV  
  83  7:44  Hellion x3  
  83  7:53  Refinery  
  83  7:54  Refinery  
  83  7:55  SCV x2  
  84  8:17  SCV x2  
Tags
 
Add a new tag
Caveats
  • Supply blocks, unpowered buildings, or Contaminate may cause inaccurate times.
  • Supply counts are checked every 10 seconds.